 Dungeon Crawl Stone Soup version 0.31-a0-986-g5e6e4ef867 (webtiles) character file.

Game seed: 4319261578656876912

81 Snarg the Conjurer (level 4, -3/24 HPs)
             Began as a Kobold Conjurer on Nov 13, 2023.
             Was an Initiate of Gozag.
             Slain by an iguana (9 damage)
             ... on level 3 of the Dungeon.
             The game lasted 00:10:42 (2329 turns).

Snarg the Conjurer (Kobold Conjurer)                Turns: 2329, Time: 00:10:43

Health: -3/24      AC:  2    Str:  4    XL:     4   Next: 67%
Magic:  0/7        EV: 15    Int: 21    God:    Gozag
Gold:   43         SH:  5    Dex: 13    Spells: 1/7 levels left

rFire   . . .        a - +0 dagger
rCold   . . .        (no shield)
rNeg    . . .        d - +0 robe
rPois   .            (no helmet)
rElec   .            (no cloak)
rCorr   .            (no gloves)
SInv    .            (no boots)
Will    .....        r - amulet of reflection
Stlth   +++          (no ring)
HPRegen 0.24/turn    (no ring)
MPRegen 0.10/turn

%: reflection
@: no status effects
A: small, no large weapons, nightstalker 3
a: Renounce Religion, Potion Petition, Call Merchant, Bribe Branch


You were on level 3 of the Dungeon.
You worshipped Gozag.
Gozag was noncommittal.
You visited 1 branch of the dungeon, and saw 3 of its levels.

You collected 92 gold pieces.
You spent 26 gold pieces at shops.
You paid 23 gold pieces to Gozag.

Inventory:

Hand Weapons
 a - a +0 dagger (weapon)
 c - a +0 club
 n - a +0 short sword
 t - a +0 antimagic dagger
Missiles
 g - 61 stones
 i - 3 boomerangs
 j - 6 curare-tipped darts
 l - 3 atropa-tipped darts
Armour
 d - a +0 robe (worn)
 p - a +0 leather armour
Jewellery
 r - an amulet of reflection (around neck)
Scrolls
 e - a scroll of enchant armour {unknown}
 h - 2 scrolls of noise {unknown}
 k - a scroll of fog {unknown}
 m - a scroll of fear {unknown}
 o - a scroll of amnesia {unknown}
 q - 2 scrolls of identify
 u - a scroll of poison {unknown}
 w - a scroll of torment {unknown}
Potions
 b - 3 potions of magic
 f - 2 potions of curing
 s - 2 potions of heal wounds {unknown}
 v - a potion of enlightenment {unknown}


   Skills:
 + Level 0.2 Fighting
 * Level 1.3 Short Blades
 + Level 2.8 Dodging
 + Level 3.8 Stealth
 - Level 2.4 Spellcasting
 + Level 4.7 Conjurations
 * Level 0.7 Hexes


You had one spell level left.
You knew the following spells:

 Your Spells              Type           Power      Damage    Failure   Level
a - Magic Dart            Conj           88%        1d7       1%          1
b - Searing Ray           Conj           44%        2d6       3%          2
c - Dazzling Flash        Conj/Hex       28%        N/A       14%         3

Your spell library contained the following spells:

 Spells                   Type           Power      Damage    Failure   Level
 Kiss of Death            Conj/Necr      48%        2d9       5%          1
 Wereblood                Tmut           2%         N/A       22%         2
 Confusing Touch          Hex            5%         N/A       32%         3
 Fulminant Prism          Conj/Hex       7%         3d7       41%         4
 Iskenderun's Mystic Bla  Conj/Tloc      12%        2d5       47%         4
 Dispel Undead            Necr           2%         3d7       80%         4
 Irradiate                Conj/Tmut      6%         3d13      83%         5


Dungeon Overview and Level Annotations

Branches:
Dungeon (3/15)

Altars:
Gozag

Shops:
D:1 ?

Annotations:
D:1 clr
D:2 clr


Innate Abilities, Weirdness & Mutations

You are small and have problems with some larger weapons.
You are completely attuned to the shadows.


Message History

You see here a +0 ring mail.
q - 2 scrolls of identify (gained 1)
An iguana comes into view.
The iguana hisses angrily.
The iguana bites you!
Ouch! That really hurt!
You are too injured to fight recklessly!
Unknown command.
Cast which spell? (? or * to list)
Casting: Dazzling Flash (quite dangerous; 14% risk of failure)
Press: ? - help, Dir - look around, f - activate
Casting: Dazzling Flash (quite dangerous; 14% risk of failure)
Confirm with . or Enter, or press ? or * to list all spells.
Aiming: Searing Ray (safe; 3% risk of failure)
Press: ? - help, Shift-Dir - straight line, f - iguana
Aim: an iguana (81% to hit)
The searing ray hits the iguana!
The iguana is heavily wounded. (Press . to maintain the ray.)
The iguana bites you.
The searing ray misses the iguana.
The iguana barely misses you.
Unknown command.
The searing ray hits the iguana.
The iguana is almost dead.
The iguana barely misses you.
You closely miss the iguana.
The iguana is almost dead.
The iguana bites you.
* * * LOW HITPOINT WARNING * * *
You hit the iguana but do no damage.
The iguana is almost dead.
You block the iguana's attack.
You hit the iguana.
The iguana is almost dead.
The iguana misses you.
You hit the iguana.
The iguana is almost dead.
The iguana bites you!
You die...
Your body crumbles into a pile of gold.

#....# #....#
#....# #....#
#....# #....# .#
#....# .#
###....########.#
#..........@l...#
#.############..#
#.# #...#....#..#
#####.#
#.#.#.##.#..#
#.....#
#.#...##.#....#
#.#####
#.######.##.###
#.# #.# #.# .#
#.# #.# #.# .#
##.#######.# #.#


You could see an iguana.

Vanquished Creatures
  An adder (D:2)
  3 dart slugs
  An orc (D:2)
  4 ball pythons
  5 bats
  9 endoplasms
  2 giant cockroaches (D:1)
  9 goblins
  6 hobgoblins
  2 jackals (D:1)
  6 kobolds
  3 quokkas (D:2)
  4 rats
55 creatures vanquished.

Notes
Turn   | Place    | Note
-------+----------+-------------------------------------------
     0 | D:1      | Snarg the Kobold Conjurer began the quest for the Orb.
     0 | D:1      | Reached XP level 1. HP: 10/10 MP: 3/3
   120 | D:1      | Reached XP level 2. HP: 15/15 MP: 5/5
   358 | D:1      | Found Nomu's Magic Scroll Shoppe.
   464 | D:1      | Reached XP level 3. HP: 19/19 MP: 3/6
  1160 | D:1      | Bought a scroll of identify for 26 gold pieces
  1300 | D:2      | Learned a level 2 spell: Searing Ray
  1304 | D:2      | Learned a level 3 spell: Dazzling Flash
  1319 | D:2      | Reached XP level 4. HP: 21/24 MP: 2/7
  1328 | D:2      | Reached skill level 1 in Short Blades
  1775 | D:2      | Found an opulent altar of Gozag.
  2165 | D:2      | Became a worshipper of Gozag Ym Sagoz the Greedy
  2329 | D:3      | Slain by an iguana

Illustrated notes

Levels and vault maps discovered:
D:1:      dpeg_arrival_oval, layout_basic, serial_shops,
          nicolae_shop_tiny_glass, nrook_mini_vaults, minmay_stone_trees_medium
D:2:      layout_basic, basic_altar, kennysheep_nub
D:3:      layout_basic, nzn_wu_jian_contemplation,
          mainiacjoe_overflow_surrounded_room, uniq_ijyb, uniq_grinder

Skill      XL: |  1  2  3  4 |
---------------+-------------+-----
Stealth        | 3 |  3.8
Short Blades   | 1 |  1.3
Fighting       | |  0.2
Dodging        | |  2.8
Spellcasting   | |  2.4
Conjurations   | |  4.7
Hexes          | |  0.7

Action                     |  1- 3 |  4- 6 || total
---------------------------+-------+-------++-------
  Melee: Dagger            |    56 |    36 ||    92
         Club              |     2 |       ||     2
         Punch             |     1 |       ||     1
   Cast: Magic Dart        |    33 |     2 ||    35
         Searing Ray       |     1 |     5 ||     6
         Dazzling Flash    |       |     1 ||     1
    Use: Scroll            |     1 |       ||     1
   Stab: Sleeping          |    11 |     7 ||    18
 Armour: Robe              |    35 |    12 ||    47
  Dodge: Dodged            |    57 |    24 ||    81
  Block: Other             |       |     4 ||     4

Table legend: (Time is in decaauts)
 A = Elapsed time spent in this place.
 B = Non-inter-level travel time spent in this place.
 C = Inter-level travel time spent in this place.
 D = Time resting spent in this place.
 E = Time spent auto-exploring this place.
 F = Levels seen in this place.
 G = Mean time per level.
                   A        B        C        D        E       F      G
               +--------+--------+--------+--------+--------+-----+--------+
         Total |   2325 |   2189 |    136 |    188 |   1529 |   3 |  775.0 |
       Dungeon |   2325 |   2189 |    136 |    188 |   1529 |   3 |  775.0 |
               +--------+--------+--------+--------+--------+-----+--------+

Top non-repeatable levels by time:
     D:1: 1195 daAuts
     D:2: 983 daAuts
     D:3: 146 daAuts
